Map: Terraform LE (Void)

Players

ChitogeBesto - Winner!

  • Race: Zerg Zerg
  • League: Master

MorDka

  • Race: Protoss Protoss
  • League: Master

Event: Lycan League Weekly August #3

VOD

Have the link to the VOD?

Description

Time

  • Played on: Aug. 17, 2015, 12:37 p.m.
  • Length: 11:12

All games in this series

Show
View Real Time Build Order
Export as new Build Order

ChitogeBesto Zerg - Winner!

Build Orders: Pool First 

Get SALT Encoding   

  12  0:01  Drone  
  13  0:08  Drone  
  13  0:11  Extractor  
  13  0:20  Drone  
  14  0:33  Spawning Pool  
  13  0:37  Drone  
  14  0:46  Overlord  
  14  1:20  Zergling x6  
  14  1:21  Metabolic Boost  
  17  1:25  Queen  
  19  1:34  Zergling x2  
  20  1:42  Zergling x2  
  21  1:57  Hatchery  
  20  2:03  Zergling x2  
  20  2:06  Overlord  
  21  2:20  Drone  
  22  2:35  Drone  
  23  2:51  Drone x2  
  23  2:54  Drone  
  26  3:05  Drone x3  
  29  3:08  Roach Warren  
  29  3:11  Queen  
  31  3:12  Drone  
  31  3:13  Drone  
  32  3:22  Drone  
  32  3:23  Drone  
  34  3:33  Overlord  
  34  3:40  Drone x2  
  36  3:55  Overlord  
  36  3:56  Drone  
  37  4:07  Drone  
  37  4:08  Drone x3, Overlord  
  40  4:12  Lair  
  40  4:24  Evolution Chamber  
  40  4:27  Drone x4  
  40  4:29  Drone  
  40  4:30  Hatchery  
  43  4:42  Pneumatized Carapace  
  43  4:46  Extractor x2  
  40  4:59  Roach x2  
  48  5:00  Roach x2  
  48  5:06  Spore Crawler  
  46  5:16  Drone  
  46  5:17  Drone  
  46  5:18  Drone x4  
  52  5:23  Zerg Missile Weapons Level 1  
  52  5:28  Overlord x2  
  52  5:33  Extractor  
  51  5:41  Drone x4  
  55  5:45  Roach x5  
  65  5:50  Overlord x2  
  65  6:06  Roach x5  
  65  6:08  Ravager  
  65  6:10  Ravager  
  77  6:15  Roach x2  
  81  6:25  Roach x4  
  89  6:28  Ravager  
  90  6:37  Drone  
  91  6:40  Roach x3  
  91  6:41  Overlord  
  97  6:58  Ravager  
  97  6:59  Overlord, Roach  
  97  7:00  Overlord  
  97  7:02  Roach  
  97  7:03  Roach x2  
  97  7:04  Roach  
  103  7:10  Glial Reconstitution  
  96  7:33  Roach x4  
  96  7:34  Roach x4  
  96  7:35  Ravager x2  
  112  7:39  Overlord  
  112  7:41  Overlord  
  106  7:57  Roach  
  106  7:58  Roach x5  
  89  8:10  Roach x4  
  90  8:16  Ravager x3  
  90  8:18  Roach  
  93  8:32  Roach  
  93  8:33  Roach x5  
  96  8:46  Roach  
  96  8:47  Roach x2  
  100  8:49  Ravager  
  100  8:50  Drone  
  99  9:09  Roach  
  103  9:10  Roach x2  
  107  9:17  Roach x2  
  107  9:22  Ravager x3  
  108  9:39  Roach x3  
  108  9:44  Ravager x2  
  104  9:52  Roach  
  104  9:53  Roach x2  
  90  10:11  Roach x3  
  90  10:12  Roach  
  93  10:35  Drone x2  
  94  10:36  Drone x5  
  100  10:43  Drone x2  
Show
View Real Time Build Order
Export as new Build Order

MorDka Protoss 

Build Orders:  

Get SALT Encoding   

  12  0:01  Probe  
  13  0:16  Pylon  
  13  0:18  Probe  
  14  0:34  Probe (Chrono Boost)  
  16  0:43  Probe (Chrono Boost)  
  16  0:44  Gateway  
  16  0:51  Probe, Assimilator  
  17  1:03  Probe  
  18  1:13  Pylon  
  18  1:15  Probe  
  19  1:27  Probe  
  19  1:31  Cybernetics Core  
  20  1:33  Pylon  
  20  1:36  Zealot (Chrono Boost)  
  22  1:40  Probe  
  23  1:51  Forge  
  23  2:02  Probe  
  23  2:08  Adept (Chrono Boost)  
  26  2:09  Warp Gate (Chrono Boost)  
  26  2:19  Mothership Core (Chrono Boost)  
  28  2:26  Photon Cannon  
  28  2:28  Adept (Chrono Boost)  
  30  2:33  Pylon  
  30  2:38  Probe  
  31  2:50  Probe  
  32  2:53  Adept (Chrono Boost), Assimilator  
  34  3:02  Probe  
  35  3:06  Pylon  
  35  3:11  Pylon  
  35  3:14  Probe  
  35  3:19  Photon Cannon  
  36  3:26  Probe  
  37  3:38  Probe  
  37  3:51  Nexus  
  37  3:54  Probe  
  38  4:06  Robotics Facility  
  38  4:09  Probe  
  39  4:22  Adept  
  41  4:25  Probe  
  42  4:40  Probe  
  42  4:43  Pylon  
  43  4:56  Probe  
  44  5:04  Immortal (Chrono Boost)  
  48  5:08  Probe (Chrono Boost)  
  48  5:13  Probe (Chrono Boost), Protoss Ground Weapons Level 1  
  48  5:15  Sentry  
  48  5:18  Probe (Chrono Boost), Gateway  
  52  5:22  Probe (Chrono Boost), Gateway  
  52  5:25  Probe  
  53  5:29  Gateway  
  53  5:35  Gateway  
  53  5:45  Immortal (Chrono Boost)  
  53  5:48  Probe  
  58  5:50  Pylon  
  58  5:53  Adept  
  60  6:03  Probe  
  61  6:11  Gateway x2  
  61  6:17  Observer (Chrono Boost)  
  62  6:18  Pylon  
  62  6:27  Photon Cannon  
  62  6:30  Photon Cannon  
  62  6:31  Sentry  
  62  6:32  Sentry x2  
  68  6:35  Warp Prism (Chrono Boost)  
  70  6:41  Adept x2  
  74  6:50  Pylon  
  74  6:52  Adept  
  76  6:58  Adept x2  
  78  7:11  Pylon  
  78  7:15  Adept  
  78  7:16  Adept x3  
  78  7:17  Pylon  
  76  7:32  Adept  
  76  7:33  Adept x2  
  76  7:36  Adept x2  
  76  7:37  Adept  
  80  7:55  Adept x2  
  80  7:56  Adept x4  
  84  8:04  Immortal (Chrono Boost)  
  56  8:46  Immortal (Chrono Boost)  
  58  8:53  Adept x2  
  58  8:55  Sentry x2  
  62  8:56  Zealot x3  
  60  9:17  Probe x2  
  60  9:18  Immortal (Chrono Boost), Assimilator  
  60  9:20  Adept, Assimilator  
  60  9:21  Adept x2  
  60  9:22  Zealot x2  
  60  9:23  Zealot x2  
  75  9:31  Cybernetics Core  
  75  9:34  Pylon  
  75  9:41  Probe x2  
  75  9:44  Zealot  
  75  9:45  Zealot  
  69  9:57  Immortal  
  73  10:03  Zealot  
  73  10:04  Zealot  
  32  10:41  Adept  
  32  10:42  Adept x4  

Tags
 
Add a new tag
Caveats
  • Supply blocks, unpowered buildings, or Contaminate may cause inaccurate times.
  • Supply counts are checked every 10 seconds.